 Dungeon Crawl Stone Soup version 0.32-a0-643-ga006e7742e (webtiles) character file.

Game seed: 7088523189670851799

1983 2FriedEggs the Mimic (level 9, -8/73 HPs)
             Began as an Octopode Shapeshifter on Mar 8, 2024.
             Was an Initiate of Gozag.
             Killed from afar by a centaur (11 damage)
             ... with a puff of flame
             ... on level 7 of the Dungeon.
             The game lasted 00:15:07 (7925 turns).

2FriedEggs the Mimic (Octopode Shapeshifter)        Turns: 7925, Time: 00:15:08

Health: -8/73      AC:  1    Str: 18    XL:     9   Next: 20%
Magic:  9/9        EV: 13    Int: 12    God:    Gozag
Gold:   581        SH:  0    Dex: 11    Spells: 8/8 levels left

rFire   . . .        v - melded +5 dagger of Xonedghiar {flame, Fly rF++}
rCold   + . .        (shield currently unavailable)
rNeg    + + .        (helmet restricted)
rPois   .            (no amulet)
rElec   .            x - ring of positive energy
rCorr   .            B - ring of positive energy
SInv    .            C - ring of flight
Will    .....        u - ring of ice Stlth
                     t - ring of protection from fire
HPRegen 0.32/turn    (no ring)
MPRegen 0.11/turn    (no ring)
                     (no ring)

%: no passive effects
@: berserking, blade tentacles, gold aura, flying, very quick
A: reduced hp, almost no armour, amphibious, 8 rings, camouflage 1, gelatinous
body 1, (nimble swimmer 1), tentacles
a: Begin Untransformation, Renounce Religion, Potion Petition, Call Merchant,
Bribe Branch


You were on level 7 of the Dungeon.
You worshipped Gozag.
Gozag was pleased with you.
You had blades for main tentacles.
You visited 2 branches of the dungeon, and saw 8 of its levels.

You collected 683 gold pieces.
You paid 102 gold pieces to Gozag.

Inventory:

Hand Weapons
 j - a +1 dagger of draining
 p - a +0 dagger of speed
 v - the +5 dagger of Xonedghiar (melded) {flame, Fly rF++}
   (You found it on level 5 of the Dungeon)

   rF++:      It greatly protects you from fire.
   Fly:       It grants you flight.
Jewellery
 t - a ring of protection from fire (on tentacle)
 u - a ring of ice (on tentacle)
 x - a ring of positive energy (left blade tentacle)
 B - a ring of positive energy (right blade tentacle)
 C - a ring of flight (on tentacle)
Talismans
 a - a maw talisman
 b - a beast talisman
 c - a flux talisman
 d - a blade talisman (active)
Scrolls
 e - 4 scrolls of teleportation
 k - a scroll of amnesia
 n - 2 scrolls of enchant armour {unknown}
 o - 2 scrolls of fog
 w - a scroll of brand weapon {unknown}
 y - a scroll of immolation {unknown}
 A - a scroll of vulnerability {unknown}
Potions
 f - 2 potions of resistance
 g - a potion of brilliance {unknown}
 i - a potion of cancellation
 l - a potion of mutation {unknown}
 m - a potion of ambrosia
 q - a potion of berserk rage
 r - 2 potions of heal wounds {unknown}
 s - a potion of enlightenment {unknown}
 z - 2 potions of haste {unknown}


   Skills:
 - Level 2.3 Fighting
 - Level 2.0 Dodging
 * Level 7.5 Unarmed Combat
 * Level 9.1 Shapeshifting


You had 8 spell levels left.
You didn't know any spells.
Your spell library contained the following spells:

 Spells                   Type           Power      Damage    Failure   Level
 Freeze                   Ice            0%         1d3       32%         1
 Shock                    Conj/Air       0%         1d3       32%         1
 Mercury Vapours          Alch/Air       0%         N/A       45%         2
 Dazzling Flash           Conj/Hex       0%         N/A       69%         3
 Frozen Ramparts          Ice            0%         1d1       69%         3
 Gell's Gravitas          Tloc           0%         N/A       69%         3
 Hailstorm                Conj/Ice       0%         3d5       69%         3
 Mephitic Cloud           Conj/Alch/Air  0%         N/A       69%         3
 Swiftness                Air            0%         N/A       69%         3
 Teleport Other           Tloc           0%         N/A       69%         3
 Airstrike                Air            0%         2d(0-16)  97%         4
 Curse of Agony           Necr           0%         N/A       100%        5
 Freezing Cloud           Conj/Ice/Air   0%         6-21      100%        5
 Silence                  Hex/Air        0%         N/A       100%        5
 Dispersal                Tloc           0%         N/A       100%        6


Dungeon Overview and Level Annotations

Branches:
Dungeon (7/15)             Temple (1/1) D:5

Altars:
Ashenzari
Elyvilon
Gozag
Hepliaklqana
Kikubaaqudgha
Qazlal
Ru
Sif Muna
Trog
Uskayaw
Wu Jian
Yredelemnul
The Shining One

Annotations:
D:4 exclusion: bombardier beetle, Menkaure
D:6 3 runed translucent doors, Crazy Yiuf; sasquatch's ghost, novice CoAr


Innate Abilities, Weirdness & Mutations

You have blades for main tentacles.
Your maximum health is decreased, since you lack skill for your form.
You are incapable of wielding weapons or throwing items.
You cannot wear most types of armour.
You are amphibious.
You can wear up to eight rings at the same time.
Your skin changes colour to match your surroundings (Stealth+).
Your rubbery body absorbs attacks. (AC +1, EV +1)
((You are camouflaged when in or above water. (Stealth+)))
You have tentacles for arms and can constrict up to eight enemies at once.


Message History

The orc wizard gestures at you while chanting.
The magic dart hits you.
You feel less invigorated.
You feel less confused.
The orc wizard hits you with a +0 dagger.
You completely miss the orc wizard. Your grab misses the orc wizard.
Your squeeze misses the orc wizard.
The orc wizard hits you with a +0 dagger.
An orc comes into view. It is wielding a +0 club.
You barely miss the orc wizard.
The orc shouts!
Your grab misses the orc wizard. Your slash misses the orc wizard.
The orc wizard hits you but does no damage.
You slice the orc wizard!!
You kill the orc wizard!
The centaur zaps a wand.
The puff of flame hits you!
* * * LOW HITPOINT WARNING * * *
An orc priest comes into view. It is wielding a +0 short sword.
The centaur unwields a +0 shortbow.
The centaur wields a +0 hand axe.
The centaur barely misses you. The centaur kicks you.
* * * LOW HITPOINT WARNING * * *
Things that are here:
5 gold pieces; a +0 dagger; a +0 robe The orc priest shouts!
You hit the centaur. Your squeeze misses the centaur.
The centaur is lightly wounded.
You hear a shout!
The centaur hits you with a +0 hand axe.
* * * LOW HITPOINT WARNING * * *
The centaur kicks you but does no damage.
A bullfrog comes into view.
The centaur closely misses you. The centaur kicks you.
* * * LOW HITPOINT WARNING * * *
Okay, then.
It was a potion of berserk rage.
A red film seems to cover your vision as you go berserk!
You feel yourself moving faster!
You feel mighty!
The centaur zaps a wand.
The puff of flame hits you!
You die...
Your body crumbles into a pile of gold.

,,,,,,,,,,***** #.#
,,,,,,,,,,* #.#
,,,,,,,,,,* #.#
,,,,,,,,,,* #.#
,,,,,,,,,.########.#
********,.o....Fo#.###
,,,,,,,,,...o..oo...>#
*********#######c###.#
#########@# #.#
#......##.# #.#
#.........# #.#
#.........# #.#
########.........# #.#
......##......##.# #.#
......##.........# #.#
......##.#####..## #.#
......##.# #..# #.#


You could see a bullfrog, a centaur, an orc priest and 2 orcs.

Vanquished Creatures
  A steam dragon (D:6)
  3 water moccasins
  An ice beast (D:7)
  A sky beast (D:6)
  An ogre (D:6)
  A centaur (D:5)
  A bullfrog (D:6)
  Blork the orc (D:5)
  4 wights (D:7)
  4 killer bees
  A howler monkey (D:6)
  A hound (D:5)
  2 jellies
  A sleepcap (D:7)
  3 orc priests (D:6)
  3 iguanas (D:5)
  Jessica (D:2)
  5 orc wizards
  8 adders
  A white imp (D:7)
  A dart slug (D:5)
  A ribbon worm (D:2)
  27 orcs
  8 ball pythons
  8 endoplasms
  2 giant cockroaches (D:1)
  6 goblins
  7 hobgoblins
  5 jackals
  5 kobolds
  3 quokkas
  3 bats
  3 frilled lizards
  5 rats
128 creatures vanquished.

Notes
Turn   | Place    | Note
-------+----------+-------------------------------------------
     0 | D:1      | 2FriedEggs the Octopode Shapeshifter began the quest for
                  | the Orb.
     0 | D:1      | Reached XP level 1. HP: 13/13 MP: 1/1
   120 | D:1      | Reached XP level 2. HP: 16/18 MP: 2/2
   666 | D:1      | Reached XP level 3. HP: 23/23 MP: 3/3
  1297 | D:2      | Reached XP level 4. HP: 29/29 MP: 4/4
  1450 | D:2      | Noticed Jessica
  1454 | D:2      | Killed Jessica
  1739 | D:3      | Found a hide-covered altar of Uskayaw.
  1983 | D:3      | Reached skill level 4 in Shapeshifting
  2140 | D:3      | Reached XP level 5. HP: 29/34 MP: 5/5
  2510 | D:4      | Noticed Menkaure
  2757 | D:4      | Found a glowing golden altar of the Shining One.
  3155 | D:5      | Entered Level 5 of the Dungeon
  3212 | D:5      | Found a staircase to the Ecumenical Temple.
  3220 | D:5      | You are sucked into a shaft and drop 2 floors!
  3228 | D:7      | Noticed a kobold brigand
  3236 | D:7      | Noticed a sky beast
  3256 | D:6      | Reached XP level 6. HP: 39/39 MP: 6/6
  3323 | D:6      | Reached skill level 5 in Unarmed Combat
  3433 | D:6      | Found a runed translucent door.
  3434 | D:6      | Noticed Crazy Yiuf
  3661 | Temple   | Entered the Ecumenical Temple
  3722 | Temple   | Became a worshipper of Gozag Ym Sagoz the Greedy
  3847 | D:5      | Reached skill level 5 in Shapeshifting
  4154 | D:5      | Reached XP level 7. HP: 45/45 MP: 7/7
  4481 | D:5      | Identified the +5 dagger of Xonedghiar {flame, Fly rF++}
  4530 | D:5      | Found an ornate altar of the Wu Jian Council.
  4530 | D:5      | Found a hazy altar of Hepliaklqana.
  4620 | D:5      | Noticed Blork the orc
  4625 | D:5      | Killed Blork the orc
  4728 | D:5      | Found a shimmering blue altar of Sif Muna.
  4931 | D:6      | Reached skill level 6 in Shapeshifting
  5331 | D:6      | Reached XP level 8. HP: 50/50 MP: 8/8
  5723 | D:6      | Found a runed translucent door.
  5726 | D:6      | Noticed sasquatch's ghost (novice CoAr)
  5791 | D:6      | Found a runed translucent door.
  5990 | D:6      | Reached skill level 7 in Shapeshifting
  6751 | D:7      | Reached skill level 8 in Shapeshifting
  7186 | D:6      | Reached XP level 9. HP: 49/54 MP: 9/9
  7739 | D:7      | Reached skill level 9 in Shapeshifting
  7924 | D:7      | HP: 2/49 [centaur/+0 hand axe (3)]
  7925 | D:7      | Killed from afar by a centaur

Illustrated notes

Levels and vault maps discovered:
D:1:      minmay_arrival_split_and_join, layout_basic
D:2:      layout_rooms, kennysheep_generic_room_15, uniq_jessica
D:3:      layout_basic, nicolae_uskayaw_dance_hall
D:4:      layout_rooms, marbit_many_paths, uniq_menkaure
D:5:      layout_basic, lemuel_crystal_altar, grunt_temple_overflow_open,
          minmay_temple_entry_tees, uniq_blork_the_orc
D:6:      layout_loops_corners, ebering_ghost_sewer_f, minmay_splitting_lines,
          uniq_crazy_yiuf_cottage
D:7:      layout_basic, kennysheep_potato
Temple:   hellmonk_temple_beads

Skill      XL: |  1  2  3  4  5  6  7  8  9 |
---------------+----------------------------+-----
Fighting       | 2 |  2.3
Unarmed Combat | 4 5 6 7 |  7.5
Shapeshifting  | 4 5 6 8 9 |  9.1
Dodging        | |  2.0

Action                     |  1- 3 |  4- 6 |  7- 9 || total
---------------------------+-------+-------+-------++-------
  Melee: Unarmed           |    23 |       |    49 ||    72
         Constrict         |    13 |    30 |    24 ||    67
         Tentacles         |    11 |    35 |    28 ||    74
         Dagger            |    31 |    97 |    96 ||   224
Ability: Begin Untransform |     1 |     1 |       ||     2
    Use: Scroll            |       |     7 |     2 ||     9
         Potion            |       |       |     9 ||     9
   Stab: Sleeping          |     4 |     4 |     1 ||     9
 Armour: Skin              |    17 |    19 |   116 ||   152
  Dodge: Dodged            |    34 |    37 |   109 ||   180
   Form: Beast             |     1 |     2 |       ||     3
         Flux              |       |     2 |     2 ||     4
         Blade             |       |     1 |     2 ||     3
         Maw               |       |       |     1 ||     1

Table legend: (Time is in decaauts)
 A = Elapsed time spent in this place.
 B = Non-inter-level travel time spent in this place.
 C = Inter-level travel time spent in this place.
 D = Time resting spent in this place.
 E = Time spent auto-exploring this place.
 F = Levels seen in this place.
 G = Mean time per level.
                   A        B        C        D        E       F      G
               +--------+--------+--------+--------+--------+-----+--------+
         Total |   7885 |   7349 |    536 |   1186 |   4752 |   8 |  985.6 |
       Dungeon |   7793 |   7317 |    476 |   1186 |   4752 |   7 | 1113.3 |
        Temple |     92 |     32 |     60 |      0 |      0 |   1 |   92.0 |
               +--------+--------+--------+--------+--------+-----+--------+

Top non-repeatable levels by time:
     D:6: 2479 daAuts
     D:5: 1385 daAuts
     D:1: 1070 daAuts
     D:7: 792 daAuts
     D:3: 790 daAuts
     D:4: 665 daAuts
     D:2: 609 daAuts
  Temple: 92 daAuts
